 Dungeon Crawl Stone Soup version 0.32-a0-292-g751ec8d2e7 (webtiles) character file.

Game seed: 8176093857481019264

2074408 Kenran the Conqueror (level 24, 199/199 HPs)
             Began as a Minotaur Cinder Acolyte on Feb 14, 2024.
             Was the Champion of Jiyva.
             Escaped with the Orb
             ... and 3 runes
             ... and 1 gem!
             The game lasted 01:42:55 (48194 turns).

Kenran the Conqueror (Minotaur Cinder Acolyte)     Turns: 48194, Time: 01:42:55

Health: 199/199    AC: 52    Str: 25    XL:     24   Next: 94%
Magic:  21/21      EV: 13    Int: 11    God:    Jiyva [******]
Gold:   1997       SH: 20    Dex:  3    Spells: 25/25 levels left

rFire   + + .        a - +11 broad axe of Defilement {vamp, rF+}
rCold   + . .        W - +0 tower shield {reflect}
rNeg    + + +        Q - +6 crystal plate armour {rC+}
rPois   .            (helmet unavailable)
rElec   +            L - scarf {rC+ rF+}
rCorr   +            s - +2 pair of gloves of Prudence {rElec rN++}
SInv    .            u - +2 pair of boots
Will    +....        d - amulet "Seahudigh" {rF+ rN+ Regen+ Dex-5} Stlth
                     w - +4 ring of protection
HPRegen 2.93/turn    O - +5 ring of evasion
MPRegen 0.97/turn

%: reflection
@: studying Ice Magic
A: horns 3, retaliatory headbutt, iridescent scales 2, clumsy 2, frail 2, low MP
1, screaming 2, cold vulnerability 1, heat vulnerability 1, subdued magic 3,
inability to read after injury 2, MP-powered wands, sturdy frame 1
0: Orb of Zot
}: 3/15 runes: decaying, slimy, gossamer
a: Renounce Religion, Oozemancy, Slimify


You escaped.
You worshipped Jiyva.
Jiyva was exalted by your worship.
You visited 10 branches of the dungeon, and saw 51 of its levels.
You also visited: Ice Cave and Volcano.

You collected 3978 gold pieces.
You spent 1981 gold pieces at shops.

Inventory:

Hand Weapons
 a - the +11 broad axe of Defilement (weapon) {vamp, rF+}
   (You found it on level 1 of the Spider Nest)

   rF+:       It protects you from fire.
Missiles
 G - 7 throwing nets (quivered)
Armour
 s - the +2 pair of gloves of Prudence (worn) {rElec rN++}
   (You found it on level 7 of the Dungeon)

   rElec:     It insulates you from electricity.
   rN++:      It greatly protects you from negative energy.
 u - a +2 pair of boots (worn)
 v - a +0 cloak of poison resistance
 H - a +0 tower shield of poison resistance
 J - a +2 hat
 L - a scarf of resistance (worn)
 Q - a +6 crystal plate armour of cold resistance (worn)
 W - a +0 tower shield of reflection (worn)
 X - a +1 cloak of willpower
Jewellery
 b - the amulet "Baycsorgh" {rC- rN+++ Regen+ SInv}
   (You took it off a deep elf demonologist on level 3 of the Elven Halls)

   [amulet of regeneration]

   rC-:       It makes you vulnerable to cold.
   rN+++:     It renders you almost immune to negative energy.
   SInv:      It lets you see invisible.
   Regen+:    It increases your rate of health regeneration.
 c - the ring of Geutun {rElec rC+ Str+6 Stlth+}
   (You found it on level 3 of the Elven Halls)

   [ring of strength]

   Str+6:     It affects your strength (+6).
   rC+:       It protects you from cold.
   rElec:     It insulates you from electricity.
   Stlth+:    It makes you more stealthy.
 d - the amulet "Seahudigh" (around neck) {rF+ rN+ Regen+ Dex-5}
   (You found it on level 2 of the Depths)

   [amulet of regeneration]

   Dex-5:     It affects your dexterity (-5).
   rF+:       It protects you from fire.
   rN+:       It protects you from negative energy.
   Regen+:    It increases your rate of health regeneration.
 i - the ring of Uqier {rElec rPois rF+ Will- Int+2}
   (You found it on level 5 of the Pits of Slime)

   [ring of protection from fire]

   Int+2:     It affects your intelligence (+2).
   rF+:       It protects you from fire.
   rElec:     It insulates you from electricity.
   rPois:     It protects you from poison Will-: It decreases your willpower.
 o - the ring "Roesh" {Will+ Int+4 Slay+2}
   (You found it on level 5 of the Pits of Slime)

   [ring of willpower]

   Int+4:     It affects your intelligence (+4).
   Slay+2:    It affects your accuracy & damage with ranged weapons and melee
   (+2).
   Will+:     It increases your willpower.
 w - a +4 ring of protection (left hand)
 C - an amulet of the acrobat
 O - a +5 ring of evasion (right hand)
 Z - the ring "Moesaock" {rPois rC+ Will- rCorr Dex+6}
   (You found it on level 5 of the Pits of Slime)

   [ring of dexterity]

   Dex+6:     It affects your dexterity (+6).
   rC+:       It protects you from cold.
   rPois:     It protects you from poison Will-: It decreases your willpower.
   rCorr:     It protects you from acid and corrosion.
Wands
 e - a wand of paralysis (52)
 n - a wand of mindburst (38)
 x - a wand of digging (11)
 y - a wand of roots (32)
 D - a wand of flame (31)
 E - a wand of acid (28)
Scrolls
 f - 4 scrolls of fog
 j - 2 scrolls of blinking
 l - 6 scrolls of immolation {!r}
 m - 7 scrolls of enchant weapon
 A - 4 scrolls of torment {!r}
 B - 4 scrolls of summoning
 K - 2 scrolls of fear
 P - 2 scrolls of teleportation
 S - a scroll of silence
 V - 3 scrolls of revelation
Potions
 g - 3 potions of enlightenment
 h - 7 potions of attraction {!q}
 k - 4 potions of heal wounds {@q2}
 p - 4 potions of ambrosia
 q - 4 potions of magic
 r - 9 potions of curing {@q1}
 t - 3 potions of might
 z - 2 potions of mutation {!q}
 F - 3 potions of berserk rage {!q}
 I - 4 potions of resistance
 M - 2 potions of haste
 Y - 2 potions of cancellation
Miscellaneous
 R - a sack of spiders
 U - a lightning rod (4/4)


   Skills:
 O Level 27 Fighting
 - Level 15.1(18.0) Axes
 - Level 16.0(18.4) Maces & Flails
 + Level 25.8 Armour
 - Level 5.3 Dodging
 + Level 24.1 Shields
 - Level 1.0 Spellcasting
 - Level 2.1 Fire Magic
 + Level 18.6 Evocations


You had 25 spell levels left.
You didn't know any spells.
Your spell library contained the following spells:

 Spells                   Type           Power      Damage    Failure   Level
 Scorch                   Fire           4%         2d5       69%         2
 Foxfire                  Conj/Fire      4%         2x1d4     71%         1
 Freeze                   Ice            0%         1d3       86%         1
 Magic Dart               Conj           0%         1d3       86%         1
 Necrotise                Necr           0%         1d4       86%         1
 Sandblast                Erth           0%         2d4       86%         1
 Shock                    Conj/Air       0%         1d3       86%         1
 Blink                    Tloc           0%         N/A       95%         2
 Call Imp                 Summ           0%         N/A       95%         2
 Cigotuvi's Dreadful Rot  Necr/Alch/Air  0%         N/A       95%         2
 Ensorcelled Hibernation  Hex/Ice        0%         N/A       95%         2
 Jinxbite                 Hex            0%         N/A       95%         2
 Inner Flame              Hex/Fire       1%         N/A       98%         3
 Volatile Blastmotes      Fire/Tloc      2%         2d10      98%         3
 Dazzling Flash           Conj/Hex       0%         N/A       99%         3
 Fugue of the Fallen      Necr           0%         N/A       99%         3
 Gell's Gravitas          Tloc           0%         N/A       99%         3
 Ozocubu's Armour         Ice            0%         N/A       99%         3
 Summon Ice Beast         Ice/Summ       0%         N/A       99%         3
 Teleport Other           Tloc           0%         N/A       99%         3
 Vampiric Draining        Necr           0%         2d6       99%         3
 Airstrike                Air            0%         2d(0-16)  100%        4
 Anguish                  Hex/Necr       0%         N/A       100%        4
 Dispel Undead            Necr           0%         3d6       100%        4
 Flame Wave               Conj/Fire      1%         2d4       100%        4
 Fulminant Prism          Conj/Alch      0%         3d5       100%        4
 Ignite Poison            Fire/Alch      1%         N/A       100%        4
 Manifold Assault         Tloc           0%         N/A       100%        4
 Martyr's Knell           Necr/Summ      0%         N/A       100%        4
 Olgreb's Toxic Radiance  Alch           0%         N/A       100%        4
 Petrify                  Alch/Erth      0%         N/A       100%        4
 Sticky Flame             Fire/Alch      1%         2d4       100%        4
 Summon Lightning Spire   Summ/Air       0%         N/A       100%        4
 Vhi's Electric Charge    Tloc/Air       0%         N/A       100%        4
 Arcjolt                  Conj/Air       0%         1d10      100%        5
 Curse of Agony           Necr           0%         N/A       100%        5
 Fireball                 Conj/Fire      0%         3d3       100%        5
 Lee's Rapid Deconstruct  Erth           0%         3d4*      100%        5
 Silence                  Hex/Air        0%         N/A       100%        5
 Summon Mana Viper        Hex/Summ       0%         N/A       100%        5
 Conjure Ball Lightning   Conj/Air       0%         3x3d6     100%        6
 Death Channel            Necr           0%         N/A       100%        6
 Dispersal                Tloc           0%         N/A       100%        6
 Plasma Beam              Fire/Air       0%         2x1d10    100%        6
 Starburst                Conj/Fire      0%         6d3       100%        6
 Monstrous Menagerie      Summ           0%         N/A       100%        7
 Spellforged Servitor     Conj/Summ      0%         N/A       100%        7
 Summon Hydra             Summ           0%         N/A       100%        7
 Discord                  Hex            0%         N/A       100%        8
 Disjunction              Tloc           0%         N/A       100%        8
 Ignition                 Fire           1%         3d3       100%        8
 Maxwell's Capacitive Co  Air            0%         ∞         100%        8
 Polar Vortex             Ice            0%         N/A       100%        9


Dungeon Overview and Level Annotations

Branches:
Dungeon (15/15)            Temple (0/1) D:7            Lair (5/5) D:8
  Swamp (4/4) Lair:3       Spider (4/4) Lair:2        Slime (5/5) Lair:4
    Orc (2/2) D:9             Elf (3/3) Orc:2        Vaults (4/5) D:14
  Crypt (0/3) Vaults:2     Depths (4/4) D:15            Zot (5/5) Depths:4
  IceCv (visited)         Volcano (visited)

Altars:
Dithmenos
Okawaru
Uskayaw
Xom
Yredelemnul
Zin
Beogh
Jiyva

Shops:
D:9 (   D:11 !   D:12 (**   D:13 =   Orc:2 [?(*   Vaults:2 *   Depths:1 *
Depths:4 :

Portals:
Hell: Depths:1 Depths:2 Depths:3 Depths:4
Abyss: Depths:3
Pandemonium: Depths:2
Ziggurat: Depths:4

Annotations:
D:4 1 runed translucent door, feta's ghost, novice FoFi
D:11 3 runed translucent doors, mn3067's ghost, journeyman TrFi
Lair:2 2 transporters, YordlordTheGreat's ghost, journeyman HuCA
Swamp:2 2 transporters, exclusion: orange crystal statue
Slime:4 Dissolution
Vaults:4 8 runed translucent doors, Piataj's ghost, veteran HOFi
Depths:1 1 runed translucent door, Lapib's ghost, veteran MfIE


Innate Abilities, Weirdness & Mutations

You have a pair of large horns on your head.
You reflexively headbutt those who attack you in melee.
You are mostly covered in iridescent scales. (AC +4)
You are very clumsy. (Dex -4)
You are very frail. (-20% HP)
Your magical capacity is low. (-10% MP)
You frequently scream uncontrollably at your foes.
You are vulnerable to cold. (rC-)
You are vulnerable to heat. (rF-)
Your spells are much easier to cast, but much less powerful.
You sometimes lose the ability to read scrolls when taking damage.
You expend magic power (3 MP) to strengthen your wands.
Your movements are slightly less encumbered by armour. (ER -2)


Message History

The profane servitor hits you but does no damage.
You miss the profane servitor.
The profane servitor is heavily damaged.
The profane servitor hits you but does no damage.
The profane servitor closely misses you.
You slice the profane servitor!!
Your headbutt misses the profane servitor.
The profane servitor is severely damaged.
You block the profane servitor's attack.
The profane servitor hits you but does no damage.
You block the profane servitor's attack.
The profane servitor hits you but does no damage.
You closely miss the profane servitor.
Your headbutt misses the profane servitor.
The profane servitor is heavily damaged.
You block the profane servitor's attack. x2
You slash the profane servitor!
Your headbutt misses the profane servitor.
The profane servitor is severely damaged.
You block the profane servitor's attack. x2
You slash the profane servitor!
Your headbutt misses the profane servitor.
The profane servitor is severely damaged.
The profane servitor hits you but does no damage.
You block the profane servitor's attack.
You slice the profane servitor!!
Your headbutt misses the profane servitor.
The profane servitor is almost destroyed.
The profane servitor misses you. You furiously retaliate!
You headbutt the profane servitor!!
You block the profane servitor's attack.
You hit the profane servitor.
You destroy the profane servitor!
No target in view!
No target in view!
What level of the Dungeon? (default 1, ? - help)
An orange demon comes into view.
There is an escape hatch in the floor here.
There is a staircase leading out of the dungeon here.
You have escaped!

#....#####.### #.########.##
###########.#########.##........#
............#...................#
############..♣♣.♣♣...##.........
###########.♣♣♣♣.♣♣♣♣.##.........
.......##».♣♣♣♣∩.∩♣♣♣♣)»########.
...........♣♣∩.....∩♣♣..###### #.
........#.♣♣∩..♣♣♣..∩♣♣......# #.
........#.♣♣∩...@...∩♣♣..)...###'
........#.♣♣∩..♣♣♣4.∩♣♣4.........
#######.#..♣♣∩.....∩♣♣...........
######.#⌠.♣♣♣.∩∩∩♣.♣♣.»........>
#........#.♣.♣♣♣♣♣...##########.
#........##..♣♣♣♣♣..## #.
#........###........# #.
#........# #####....# #.
######.### #.#### #.


You could see an orange demon.

Vanquished Creatures
  4 dread liches
  Mennas (Vaults:2)
  8 orbs of fire
  2 juggernauts
  Xtahua (Depths:4)
  Parghit (Depths:3)
  Vv (Depths:3)
  Josephina (Depths:3)
  4 Killer Klowns
  Sojobo (Depths:4)
  3 curse toes
  Saint Roka (Orc:2)
  6 golden dragons
  A profane servitor (D:1)
  2 Tzitzimimeh
  Arachne (Spider:3)
  A Brimstone Fiend (Depths:1)
  2 electric golems (Zot:5)
  15 tentacled monstrosities
  Jorgrun (Swamp:1)
  2 liches
  22 Orb Guardians
  An Ice Fiend (D:5)
  A sphinx (Vaults:4)
  2 deep elf blademasters
  A deep elf master archer (Elf:3)
  5 quicksilver dragons
  8 death cobs
  Gastronok (Lair:3)
  An ancient champion (Vaults:2)
  5 tengu reavers
  5 shadow dragons
  3 thorn hunters
  An Executioner (Zot:4)
  Aizul (Swamp:3)
  Roxanne (Swamp:3)
  Donald (Vaults:2)
  16 storm dragons
  7 protean progenitors
  7 frost giants
  7 draconian knights
  5 deep elf sorcerers
  9 draconian monks
  4 fire giants
  3 draconian shifters (Zot:1)
  10 vault wardens
  4 draconian scorchers
  Louise (Spider:2)
  4 draconian stormcallers
  4 emperor scorpions
  A balrug (Depths:4)
  An orc warlord (Orc:2)
  8 draconian annihilators
  3 deep elf elementalists (Elf:3)
  2 angels
  2 reapers (IceCv)
  6 ghost moths
  2 spriggan defenders (Depths:3)
  A demonspawn blood saint (Depths:3)
  A caustic shrike skeleton (Depths:3)
  12 very ugly things
  18 ironbound preservers
  6 broodmothers
  3 deep elf demonologists (Elf:3)
  9 stone giants
  14 green draconians
  8 ironbound thunderhulks
  4 deep elf death magi (Elf:3)
  2 eleionomae
  9 black draconians
  16 red draconians
  4 bunyips
  7 white draconians
  7 spark wasps
  11 purple draconians
  A dire elephant (Vaults:1)
  10 deep elf annihilators
  5 yellow draconians
  4 war gargoyles
  2 eidola (Vaults:3)
  4 ettins
  7 yaktaur captains
  9 entropy weavers
  4 blizzard demons
  5 crystal guardians
  6 fire dragons
  A shambling mangrove (Swamp:3)
  A deep elf high priest (Elf:3)
  6 vault guards
  8 ice dragons
  2 rakshasas
  Harold (Lair:2)
  A caustic shrike simulacrum (IceCv)
  22 hydras
  2 hell beasts
  7 peacekeepers
  2 ghost crabs
  4 radroaches
  A catoblepas (D:13)
  2 juggernaut simulacra (Depths:4)
  9 spriggan air magi
  2 ogre magi
  A jorogumo (Spider:4)
  4 alligators
  4 centaur warriors
  26 dancing weapons
  A death knight (D:15)
  A merfolk avatar (Swamp:1)
  10 ironbound frosthearts
  14 two-headed ogres
  10 boulder beetles
  6 tengu warriors
  7 demonic crawlers
  6 death yaks
  A sphinx skeleton (Vaults:2)
  5 spriggan berserkers
  4 deep troll shamans
  3 orc high priests
  4 occultists
  2 shock serpents (Vaults:1)
  6 deep troll earth magi
  22 deep elf knights
  A sun demon (Depths:4)
  Nergalle (Lair:2)
  A hell knight (Depths:4)
  A soul eater (D:5)
  5 iron trolls
  A skyshark (Lair:3)
  6 skeletal warriors
  3 pharaoh ants
  6 goliath frogs
  A golden dragon zombie (Depths:3)
  2 flayed ghosts
  An orb spider (shapeshifter) (Depths:3)
  5 orb spiders
  2 bog bodies (Swamp:4)
  2 sun moths
  44 deep trolls
  8 swamp dragons
  8 arcanists
  2 spriggan druids
  5 spriggan simulacra
  15 lindwurms
  17 deep elf archers
  An obsidian statue (IceCv)
  14 ironbound convokers
  A phantasmal warrior (Vaults:1)
  4 orc knights
  40 deep elf pyromancers
  26 deep elf zephyrmancers
  4 lightning spires (Vaults:1)
  2 necromancers
  10 steelbarb worms
  Pikel (D:6)
  35 ugly things
  3 fauns (Zot:4)
  4 will-o-the-wisps
  An elf skeleton (Vaults:2)
  A cyclops (D:13)
  4 human skeletons (Vaults:2)
  2 orc sorcerers (Orc:2)
  24 wolf spiders
  6 salamanders
  A meliai (shapeshifter) (D:15)
  24 moths of wrath
  3 worldbinders (Vaults:1)
  A manticore (D:14)
  2 stone giant skeletons (Vaults:2)
  4 molten gargoyles
  6 kobold blastminers
  9 torpor snails
  3 black mambas
  5 gargoyles
  2 fire giant skeletons
  An unseen horror (D:11)
  20 vault sentinels
  An orange demon (Zot:5)
  2 smoke demons
  A tormentor (D:8)
  14 cane toads
  7 freezing wraiths (IceCv)
  4 kobold demonologists
  13 yaktaurs
  3 anaconda simulacra
  5 tengu conjurers
  2 efreet (D:15)
  4 ice devils (IceCv)
  11 komodo dragons
  A yaktaur skeleton (Vaults:2)
  A spriggan skeleton (Depths:1)
  A golden dragon simulacrum (Depths:4)
  A polar bear (Lair:2)
  9 tyrant leeches
  6 trolls
  8 hornets
  23 tarantellas
  2 alligator simulacra
  8 blink frogs
  2 raiju (Vaults:1)
  2 dream sheep (Zot:3)
  20 jumping spiders
  18 culicivoras
  A ynoxinul (Depths:4)
  3 dire elephant simulacra
  7 air elementals
  2 ettin skeletons
  2 shadows
  45 yaks
  6 basilisks
  9 spriggans
  A centaur simulacrum (D:14)
  24 fire elementals
  4 water elementals
  4 fire bats (Volcano)
  2 wraiths
  A yak (shapeshifter) (D:15)
  59 redbacks
  Eustachio (D:5)
  4 wargs
  A wyvern (shapeshifter) (Elf:1)
  9 wyverns
  2 minotaur simulacra
  2 steam dragons (Lair:5)
  19 vampire mosquitoes
  17 swamp worms
  A harpy simulacrum (Spider:2)
  An acid dragon (D:12)
  17 water moccasins
  3 hell hounds (Lair:5)
  2 glowing shapeshifter skeletons (Vaults:2)
  9 swamp drakes
  An ettin simulacrum (IceCv)
  4 black bears
  4 laughing skulls
  44 orc warriors
  3 ice beasts (D:7)
  4 sky beasts
  7 centaurs
  12 ogres
  3 boggarts (Vaults:1)
  4 lemures (D:5)
  A phantom (D:5)
  5 kobold brigands
  16 bullfrogs
  A gnoll sergeant (D:7)
  7 deep troll simulacra
  4 earth elementals
  5 scorpions
  8 wights
  8 killer bees (D:10)
  A vampire bat (D:12)
  5 howler monkeys
  An electric eel (Lair:1)
  9 lava snakes
  A bombardier beetle (D:5)
  25 orc priests
  6 hounds
  3 quasits (D:5)
  4 sleepcaps
  Jessica (D:3)
  6 iguanas
  4 hell rats (Lair:4)
  34 orc wizards
  6 adders
  14 gnolls
  2 shadow imps (D:5)
  2 white imps
  12 ufetubi
  2 dart slugs
  2 ribbon worms
  101 orcs
  13 endoplasms
  4 giant cockroaches
  3 goblins (D:2)
  6 hobgoblins
  4 jackals (D:3)
  6 quokkas
  8 ball pythons
  12 bats
  3 frilled lizards
  25 kobolds
  4 rats
  An aspiring flesh (Zot:3)
1920 creatures vanquished.

Vanquished Creatures (collateral kills)
  A pandemonium lord (Zot:5)
  A curse toe (Zot:4)
  Nikola (Swamp:3)
  A profane servitor (Zot:5)
  A Brimstone Fiend (Zot:5)
  2 Ice Fiends (Zot:5)
  An emperor scorpion (Spider:3)
  A cacodemon (Zot:5)
  2 radroaches
  A large abomination (Zot:5)
  An orb spider (Spider:2)
  An orange demon (Zot:5)
  2 chaos spawn (Zot:5)
16 creatures vanquished.

Vanquished Creatures (others)
  5 Orb Guardians (Zot:5)
  A sphinx (Vaults:3)
  A vault warden (Vaults:3)
  A ghost moth (Zot:4)
  A formless jellyfish (Vaults:4)
  An ironbound preserver (Vaults:3)
  A spark wasp (Depths:1)
  2 ettins
  A yaktaur captain (Vaults:3)
  A vault guard (Vaults:3)
  A fire dragon (Depths:4)
  7 great orbs of eyes
  A boulder beetle (Spider:2)
  An ironbound frostheart (Vaults:4)
  5 deep elf knights
  6 glowing orange brains
  A deep troll (Vaults:1)
  An ironbound convoker (Vaults:3)
  An arcanist (Vaults:3)
  2 deep elf archers
  3 deep elf pyromancers
  2 lindwurms
  A will-o-the-wisp (Swamp:3)
  A salamander (D:15)
  3 ugly things (Vaults:3)
  A vault sentinel (Vaults:4)
  An eye of devastation (shapeshifter) (Depths:4)
  A yaktaur (Vaults:3)
  A bloated husk (Swamp:4)
  A hornet (Swamp:2)
  A tarantella (Spider:4)
  An iron dragon simulacrum (Depths:4)
  15 slime creatures
  A wyvern (Lair:5)
  An orc warrior (Orc:2)
  A boggart (Vaults:3)
  192 jellies
  An orc priest (Orc:2)
  3 orc wizards
  11 orcs
  36 foxfires
319 creatures vanquished.

Grand Total: 2255 creatures vanquished

Notes
Turn   | Place    | Note
-------+----------+-------------------------------------------
     0 | D:1      | Kenran the Minotaur Cinder Acolyte began the quest for the
                  | Orb.
     0 | D:1      | Reached XP level 1. HP: 19/19 MP: 1/1
    85 | D:1      | Reached XP level 2. HP: 26/26 MP: 2/2
   157 | D:1      | Reached skill level 5 in Maces & Flails
   163 | D:1      | Reached XP level 3. HP: 20/31 MP: 3/3
  1187 | D:2      | Reached XP level 4. HP: 38/39 MP: 4/4
  1199 | D:2      | Found a faded altar of an unknown god.
  1424 | D:3      | Noticed Jessica
  1436 | D:3      | Killed Jessica
  1437 | D:3      | Reached XP level 5. HP: 33/45 MP: 5/5
  2203 | D:4      | Reached XP level 6. HP: 51/51 MP: 6/6
  2655 | D:4      | Found a runed translucent door.
  2658 | D:4      | Noticed feta's ghost (novice FoFi)
  2973 | D:5      | Entered Level 5 of the Dungeon
  3213 | D:5      | Reached XP level 7. HP: 57/57 MP: 7/7
  3227 | D:5      | Reached skill level 10 in Maces & Flails
  3270 | D:5      | Noticed a wyvern
  3278 | D:5      | Killed a wyvern
  3674 | D:5      | Reached XP level 8. HP: 57/64 MP: 8/8
  3913 | D:5      | Noticed Eustachio
  3936 | D:5      | Killed Eustachio
  3937 | D:5      | Reached skill level 4 in Fighting
  4350 | D:6      | Reached skill level 5 in Fighting
  4400 | D:6      | Noticed Pikel
  4458 | D:6      | Paralysed by Pikel for 4 turns
  4466 | D:6      | Killed Pikel
  4467 | D:6      | Reached skill level 6 in Fighting
  4467 | D:6      | Reached skill level 5 in Armour
  4791 | D:6      | Reached XP level 9. HP: 72/75 MP: 9/9
  5282 | D:7      | Found a hide-covered altar of Uskayaw.
  5863 | D:7      | Noticed a two-headed ogre
  5863 | D:7      | Noticed a two-headed ogre
  5863 | D:7      | Noticed a komodo dragon
  5876 | D:7      | Killed a two-headed ogre
  5877 | D:7      | Reached skill level 8 in Fighting
  5883 | D:7      | Noticed a gargoyle
  6221 | D:7      | Reached skill level 9 in Fighting
  6303 | D:7      | Reached XP level 10. HP: 85/91 MP: 10/10
  6363 | D:7      | Killed a gargoyle
  6525 | D:7      | Reached skill level 10 in Fighting
  6616 | D:7      | Reached skill level 11 in Fighting
  6619 | D:7      | Noticed a red ugly thing
  6619 | D:7      | Noticed a brown ugly thing
  6635 | D:7      | Killed a purple ugly thing
  6637 | D:7      | Killed a red ugly thing
  6638 | D:7      | Reached skill level 12 in Fighting
  6832 | D:7      | Identified the +2 pair of gloves of Prudence {rElec rN++}
  7105 | D:7      | Killed a two-headed ogre
  7106 | D:7      | Reached XP level 11. HP: 90/104 MP: 11/11
  7112 | D:7      | Reached skill level 10 in Armour
  7118 | D:7      | Found a staircase to the Ecumenical Temple.
  7242 | D:8      | Found a basalt altar of Yredelemnul.
  7642 | D:8      | Found a shadowy altar of Dithmenos.
  7747 | D:8      | Noticed a deep elf pyromancer
  7751 | D:8      | Killed a deep elf pyromancer
  7866 | D:8      | Found a staircase to the Lair.
  8663 | D:9      | Reached skill level 15 in Maces & Flails
  8777 | D:9      | Found Fipothres's Weapon Boutique.
  8800 | D:9      | Found a staircase to the Orcish Mines.
  8951 | D:9      | Noticed a lindwurm
  8951 | D:9      | Noticed a lindwurm
  8954 | D:9      | Noticed a lindwurm
  8954 | D:9      | Noticed a lindwurm
  8999 | D:9      | Reached skill level 1 in Evocations
  9305 | D:10     | Entered Level 10 of the Dungeon
  9564 | D:10     | Reached XP level 12. HP: 111/112 MP: 12/12
 10071 | D:10     | Identified the +1 leather armour of Farfalle {Harm Regen+
                  | rCorr Int-5}
 10324 | Lair:1   | Entered Level 1 of the Lair of Beasts
 10339 | Lair:1   | Reached skill level 5 in Evocations
 11214 | Lair:2   | Noticed Nergalle
 11221 | Lair:2   | Killed Nergalle
 11251 | Lair:2   | Noticed Harold
 11277 | Lair:2   | Killed Harold
 11278 | Lair:2   | Reached skill level 13 in Fighting
 11958 | Lair:2   | Found a hole to the Spider Nest.
 12153 | Lair:2   | Found a transporter.
 12157 | Lair:2   | Found a transporter.
 12232 | Lair:2   | Noticed YordlordTheGreat's ghost (journeyman HuCA)
 12331 | Lair:3   | Reached skill level 1 in Shields
 12353 | Lair:3   | Noticed Gastronok
 12368 | Lair:3   | Killed Gastronok
 12408 | Lair:3   | Reached XP level 13. HP: 42/123 MP: 13/13
 12411 | Lair:3   | Reached skill level 14 in Fighting
 12424 | Lair:3   | Found a dark tunnel.
 12625 | Volcano  | Entered a volcano
 12753 | Volcano  | Found a radiant altar of Vehumet.
 12779 | Volcano  | Noticed a red draconian
 12798 | Volcano  | Killed a red draconian
 12851 | Volcano  | Reached skill level 5 in Shields
 13223 | Lair:3   | Found a staircase to the Swamp.
 13408 | Lair:3   | Reached skill level 15 in Fighting
 13408 | Lair:3   | Reached skill level 15 in Armour
 13694 | Lair:4   | Reached skill level 1 in Axes
 13856 | Lair:4   | Found a staircase to the Slime Pits.
 13856 | Lair:4   | Found a viscous altar of Jiyva.
 13992 | Lair:4   | Fell from the grace of Ignis
 13992 | Lair:4   | Became a worshipper of Jiyva Jenkos the Shapeless
 14234 | Lair:4   | Identified the +0 robe of the Earth {rF+ Int+3 Dex+3}
 14296 | Lair:4   | Reached skill level 5 in Axes
 14793 | Lair:4   | Reached * piety under Jiyva
 14986 | Lair:5   | Entered Level 5 of the Lair of Beasts
 15578 | Lair:5   | Found a large runed translucent door.
 15579 | Lair:5   | Found a large runed translucent door.
 15622 | Lair:5   | Noticed a fire dragon
 15736 | Lair:4   | Reached XP level 14. HP: 124/135 MP: 14/14
 15793 | Lair:5   | Reached skill level 10 in Axes
 15872 | Lair:5   | Reached ** piety under Jiyva
 16149 | Lair:5   | Reached *** piety under Jiyva
 16968 | D:9      | Found the ring of Shadows {Umbra +Inv Stlth+}
 17131 | D:11     | Gained mutation: You expend magic power (3 MP) to
                  | strengthen your wands. [Jiyva's grace]
 17131 | D:11     | Gained mutation: You are strong-willed. (Will+) [Jiyva's
                  | grace]
 17131 | D:11     | Gained mutation: You are highly strong-willed. (Will++)
                  | [Jiyva's grace]
 17131 | D:11     | Gained mutation: You are extremely strong-willed. (Will+++)
                  | [Jiyva's grace]
 17145 | D:11     | Identified the +0 leather armour "Nusuwi" {+Inv Str+6
                  | Stlth+}
 17163 | D:11     | Identified the +1 robe "Gamisak" {rCorr MP+9 Slay-5}
 17350 | D:11     | Found a runed translucent gate.
 17350 | D:11     | Found a runed translucent gate.
 17350 | D:11     | Found a runed translucent gate.
 17438 | D:11     | Reached **** piety under Jiyva
 17482 | D:11     | Noticed mn3067's ghost (journeyman TrFi)
 17652 | D:11     | Found Siepak's Distillery.
 17660 | D:11     | Bought 2 potions of heal wounds for 160 gold pieces
 17660 | D:11     | Bought 2 potions of curing for 96 gold pieces
 17660 | D:11     | Bought a potion of curing for 48 gold pieces
 17660 | D:11     | Bought a potion of haste for 160 gold pieces
 17960 | D:12     | Found Foeraek's Antique Weapon Emporium.
 18128 | D:12     | Found Ytru's Assorted Antiques.
 18163 | D:12     | Found Papheg's General Store.
 18169 | D:12     | Bought a scroll of identify for 32 gold pieces
 18549 | D:13     | Identified a scroll of acquirement
 18550 | D:13     | Acquired a +0 eveningstar of flaming
 18570 | D:13     | You fall into a shaft and drop 1 floor!
 18570 | D:14     | Reached ***** piety under Jiyva
 18570 | D:14     | Was forgiven by Ignis
 18677 | D:14     | Identified the +1 orcbow "Feokoifu" {speed, Will+ rCorr
                  | Int-5 SInv}
 18846 | D:14     | You fall into a shaft and drop 1 floor!
 18846 | D:15     | Entered Level 15 of the Dungeon
 18914 | D:14     | Found a gate to the Vaults.
 19255 | D:13     | Found Myese's Jewellery Shoppe.
 19256 | D:13     | Gained mutation: You have acidic saliva. [Jiyva's grace]
 19256 | D:13     | Gained mutation: You have sharp toenails. [Jiyva's grace]
 19256 | D:13     | Gained mutation: You have razor-sharp toenails. [Jiyva's
                  | grace]
 19256 | D:13     | Gained mutation: You have claws for feet. [Jiyva's grace]
 20346 | D:15     | Noticed an emperor scorpion
 20362 | D:15     | Killed an emperor scorpion
 20368 | D:15     | Found a staircase to the Depths.
 20454 | D:15     | Reached skill level 16 in Fighting
 20537 | D:15     | Reached XP level 15. HP: 91/144 MP: 15/15
 20592 | D:15     | Reached ****** piety under Jiyva
 21381 | Orc:1    | Entered Level 1 of the Orcish Mines
 21410 | Orc:1    | Lost mutation: You have acidic saliva. [Jiyva's grace]
 21410 | Orc:1    | Lost mutation: You expend magic power (3 MP) to strengthen
                  | your wands. [Jiyva's grace]
 21410 | Orc:1    | Lost mutation: You have claws for feet. [Jiyva's grace]
 21410 | Orc:1    | Lost mutation: You have razor-sharp toenails. [Jiyva's
                  | grace]
 21410 | Orc:1    | Lost mutation: You have sharp toenails. [Jiyva's grace]
 21410 | Orc:1    | Gained mutation: You have large cloven feet. [Jiyva's
                  | grace]
 21410 | Orc:1    | Gained mutation: You have hoof-like feet. [Jiyva's grace]
 21410 | Orc:1    | Gained mutation: You have hooves in place of feet. [Jiyva's
                  | grace]
 21410 | Orc:1    | Gained mutation: You have a small jelly attached to you
                  | that senses nearby items. [Jiyva's grace]
 21606 | Orc:2    | Entered Level 2 of the Orcish Mines
 21606 | Orc:2    | Found a staircase to the Elven Halls.
 21607 | Orc:2    | Noticed Saint Roka
 21862 | Orc:2    | Killed Saint Roka
 21868 | Orc:2    | Found a roughly hewn altar of Beogh.
 22007 | Orc:2    | Found a roughly hewn altar of Beogh.
 22081 | Orc:2    | Found a roughly hewn altar of Beogh.
 22115 | Orc:2    | Found a roughly hewn altar of Beogh.
 22126 | Orc:2    | Found Saloalem's Magic Scroll Boutique.
 22133 | Orc:2    | Bought a scroll of blinking for 105 gold pieces
 22133 | Orc:2    | Bought 3 scrolls of identify for 84 gold pieces
 22387 | Orc:2    | Found a roughly hewn altar of Beogh.
 22391 | Orc:2    | Found Horuv's General Store.
 22547 | Orc:2    | Found a roughly hewn altar of Beogh.
 22721 | Orc:2    | Found Osmaah's Antique Armour Shop.
 22722 | Orc:2    | Found a roughly hewn altar of Beogh.
 22726 | Orc:2    | Found Amip's Antique Weapon Boutique.
 22796 | Orc:2    | Bought a scorched plate armour for 1036 gold pieces
 22796 | Orc:2    | Identified the +1 plate armour "Hurep" {rElec Str+2 Int+2
                  | Dex+3} (You bought it in a shop on level 2 of the Orcish
                  | Mines)
 23214 | Spider:1 | Entered Level 1 of the Spider Nest
 23252 | Spider:1 | Reached skill level 1 in Dodging
 23254 | Spider:1 | Identified the +4 chain mail of the Pastamancer {Dex+2}
 23659 | Spider:1 | Reached skill level 5 in Dodging
 23683 | Spider:1 | Identified the +11 broad axe of Defilement {vamp, rF+}
 24021 | Spider:2 | Noticed Louise
 24061 | Spider:2 | Reached XP level 16. HP: 152/152 MP: 16/16
 24065 | Spider:2 | Killed Louise
 24114 | Spider:2 | Reached skill level 15 in Axes
 24261 | Spider:2 | Found a glacial archway.
 24279 | IceCv    | Entered an ice cave
 24279 | IceCv    | Gained mutation: Your translucent skin slightly reduces
                  | your foes' accuracy. (Stealth+) [Jiyva's grace]
 24279 | IceCv    | Gained mutation: Your translucent skin reduces your foes'
                  | accuracy. (Stealth+) [Jiyva's grace]
 24279 | IceCv    | Gained mutation: Your transparent skin significantly
                  | reduces your foes' accuracy. (Stealth+) [Jiyva's grace]
 24279 | IceCv    | Gained mutation: You have a small jelly attached to you
                  | that may absorb projectiles. [Jiyva's grace]
 24458 | IceCv    | Reached skill level 17 in Fighting
 24480 | IceCv    | Found the +2 Maxwell's thermic engine {flame, freeze, rev}
 25621 | Spider:3 | Reached skill level 18 in Fighting
 25673 | Spider:3 | Lost mutation: You have hooves in place of feet. [Jiyva's
                  | grace]
 25673 | Spider:3 | Lost mutation: You have hoof-like feet. [Jiyva's grace]
 25673 | Spider:3 | Lost mutation: Your transparent skin significantly reduces
                  | your foes' accuracy. (Stealth+) [Jiyva's grace]
 25673 | Spider:3 | Gained mutation: You are somewhat resistant to further
                  | mutation. [Jiyva's grace]
 25673 | Spider:3 | Gained mutation: You are somewhat resistant to both further
                  | mutation and mutation removal. [Jiyva's grace]
 25673 | Spider:3 | Gained mutation: You are almost entirely resistant to
                  | further mutation and mutation removal. [Jiyva's grace]
 25673 | Spider:3 | Gained mutation: Your natural rate of healing is unusually
                  | fast. [Jiyva's grace]
 26497 | Spider:4 | Entered Level 4 of the Spider Nest
 26541 | Spider:4 | Noticed Arachne
 26570 | Spider:3 | Killed Arachne
 26793 | Spider:4 | Reached XP level 17. HP: 152/166 MP: 17/17
 26805 | Spider:4 | Gained mutation: You sometimes lose your temper in combat.
                  | [mutagenic glow]
 26928 | Spider:4 | Reached skill level 10 in Shields
 26939 | Spider:4 | Reached skill level 19 in Fighting
 27281 | Spider:4 | Got a gossamer rune of Zot
 27344 | Spider:4 | Reached skill level 10 in Evocations
 27510 | Swamp:1  | Entered Level 1 of the Swamp
 27524 | Swamp:1  | Reached skill level 20 in Fighting
 27730 | Swamp:1  | Noticed Jorgrun
 27749 | Swamp:1  | Killed Jorgrun
 27935 | Swamp:1  | Identified the +8 great sword of Okawaru's Hope {heavy,
                  | Int+3}
 28272 | Swamp:2  | Found a transporter.
 28275 | Swamp:2  | Noticed a tentacled monstrosity
 28277 | Swamp:2  | Noticed a tentacled monstrosity
 28280 | Swamp:2  | Noticed a tentacled monstrosity
 28343 | Swamp:2  | Lost mutation: You have large cloven feet. [Jiyva's grace]
 28343 | Swamp:2  | Lost mutation: You sometimes lose your temper in combat.
                  | [Jiyva's grace]
 28343 | Swamp:2  | Lost mutation: You are extremely strong-willed. (Will+++)
                  | [Jiyva's grace]
 28343 | Swamp:2  | Lost mutation: You are almost entirely resistant to further
                  | mutation and mutation removal. [Jiyva's grace]
 28343 | Swamp:2  | Lost mutation: You are somewhat resistant to both further
                  | mutation and mutation removal. [Jiyva's grace]
 28343 | Swamp:2  | Lost mutation: Your translucent skin reduces your foes'
                  | accuracy. (Stealth+) [Jiyva's grace]
 28343 | Swamp:2  | Lost mutation: Your translucent skin slightly reduces your
                  | foes' accuracy. (Stealth+) [Jiyva's grace]
 28343 | Swamp:2  | Lost mutation: You have a small jelly attached to you that
                  | may absorb projectiles. [Jiyva's grace]
 28343 | Swamp:2  | Gained mutation: You are agile. (Dex +4, Str/Int -1)
                  | [Jiyva's grace]
 28343 | Swamp:2  | Gained mutation: You are very agile. (Dex +8, Str/Int -2)
                  | [Jiyva's grace]
 28343 | Swamp:2  | Gained mutation: Your rubbery body absorbs attacks. (AC +1,
                  | EV +1) [Jiyva's grace]
 28343 | Swamp:2  | Gained mutation: Your pliable body absorbs attacks. (AC +2,
                  | EV +2) [Jiyva's grace]
 28345 | Swamp:2  | Found the amulet of the Air {Inacc Air Fly rElec RMsl}
 28346 | Swamp:2  | Found a transporter.
 29038 | Swamp:3  | Noticed Roxanne
 29201 | Swamp:3  | Noticed Nikola
 29213 | Swamp:3  | Killed Roxanne
 29215 | Swamp:3  | Killed Nikola
 29396 | Swamp:4  | Entered Level 4 of the Swamp
 29614 | Swamp:4  | Identified the serpent talisman "Ujash" {Dex+3}
 29614 | Swamp:4  | Noticed Aizul
 29640 | Swamp:3  | Killed Aizul
 29702 | Swamp:4  | Reached XP level 18. HP: 82/180 MP: 18/18
 29784 | Swamp:4  | Got a decaying rune of Zot
 29832 | Swamp:4  | Noticed a tentacled monstrosity
 29838 | Swamp:4  | Killed a tentacled monstrosity
 29840 | Swamp:4  | Reached skill level 21 in Fighting
 29854 | Swamp:4  | Got the Handbook of Blasting
 30172 | Slime:1  | Entered Level 1 of the Pits of Slime
 30267 | Slime:4  | Noticed Dissolution
 30378 | Slime:5  | Entered Level 5 of the Pits of Slime
 30395 | Slime:5  | Found a viscous altar of Jiyva.
 30402 | Slime:5  | Identified the ring "Roesh" {Will+ Int+4 Slay+2}
 30413 | Slime:5  | Identified the ring "Moesaock" {rPois rC+ Will- rCorr
                  | Dex+6}
 30416 | Slime:5  | Got a starry gem with 358 turns to spare
 30418 | Slime:5  | Got a slimy rune of Zot
 30429 | Slime:5  | Identified the +8 hand axe "Myef" {freeze, Dex+5}
 30430 | Slime:5  | Identified the ring of Uqier {rElec rPois rF+ Will- Int+2}
 30431 | Slime:5  | Identified the +1 robe of the Land of Plenty {SInv
                  | Archmagi}
 30442 | Slime:5  | Identified the +11 dagger of Wuurph {flame, rPois Dex+2}
 30795 | Vaults:1 | Entered Level 1 of the Vaults
 30831 | Vaults:1 | Identified the +8 orcbow "Beetlebane" {antimagic, Fly rCorr
                  | Dex-3 Stlth+}
 30851 | Vaults:1 | Lost mutation: You are highly strong-willed. (Will++)
                  | [Jiyva's grace]
 30851 | Vaults:1 | Lost mutation: You are strong-willed. (Will+) [Jiyva's
                  | grace]
 30851 | Vaults:1 | Gained mutation: You are robust. (+10% HP) [Jiyva's grace]
 30851 | Vaults:1 | Gained mutation: You are very robust. (+20% HP) [Jiyva's
                  | grace]
 30851 | Vaults:1 | Gained mutation: You are extremely robust. (+30% HP)
                  | [Jiyva's grace]
 30851 | Vaults:1 | Gained mutation: Your mind is acute. (Int +4, Str/Dex -1)
                  | [Jiyva's grace]
 31280 | Vaults:1 | Identified the +5 rapier "Zetibu Magro" {distort, Stlth+}
 32048 | Vaults:1 | Paralysed by an air elemental for 1 turns
 32060 | Vaults:1 | Paralysed by an air elemental for 1 turns
 32109 | Vaults:1 | Got Penac's Treatise on the Birds
 32134 | Vaults:1 | Got the Codex of Arrival
 32169 | Vaults:2 | Noticed Donald
 32180 | Vaults:2 | Killed Donald
 32273 | Vaults:2 | Reached skill level 22 in Fighting
 32378 | Vaults:2 | Noticed Mennas
 32424 | Vaults:2 | Killed Mennas
 32425 | Vaults:2 | Reached XP level 19. HP: 105/248 MP: 19/19
 32489 | Vaults:2 | Lost mutation: You are very agile. (Dex +8, Str/Int -2)
                  | [Jiyva's grace]
 32489 | Vaults:2 | Lost mutation: Your mind is acute. (Int +4, Str/Dex -1)
                  | [Jiyva's grace]
 32489 | Vaults:2 | Lost mutation: You are somewhat resistant to further
                  | mutation. [Jiyva's grace]
 32489 | Vaults:2 | Lost mutation: You are extremely robust. (+30% HP) [Jiyva's
                  | grace]
 32489 | Vaults:2 | Gained mutation: You have an increased reservoir of magic.
                  | (+10% MP) [Jiyva's grace]
 32489 | Vaults:2 | Gained mutation: You have a considerably increased
                  | reservoir of magic. (+20% MP) [Jiyva's grace]
 32489 | Vaults:2 | Gained mutation: You have a greatly increased reservoir of
                  | magic. (+30% MP) [Jiyva's grace]
 32489 | Vaults:2 | Gained mutation: You are partially covered in large bone
                  | plates. (SH +4) [Jiyva's grace]
 32530 | Vaults:2 | Found Ohatzai's General Store.
 32565 | Vaults:2 | Acquired 548 gold pieces
 32724 | Vaults:2 | Reached skill level 15 in Shields
 33326 | Vaults:2 | Found a staircase to the Crypt.
 34574 | Vaults:4 | Lost mutation: You are partially covered in large bone
                  | plates. (SH +4) [Jiyva's grace]
 34574 | Vaults:4 | Lost mutation: You are agile. (Dex +4, Str/Int -1) [Jiyva's
                  | grace]
 34574 | Vaults:4 | Lost mutation: Your pliable body absorbs attacks. (AC +2,
                  | EV +2) [Jiyva's grace]
 34574 | Vaults:4 | Gained mutation: You are extremely robust. (+30% HP)
                  | [Jiyva's grace]
 34574 | Vaults:4 | Gained mutation: Your body has grown eyes which may confuse
                  | attackers. (Acc +3) [Jiyva's grace]
 34574 | Vaults:4 | Gained mutation: Your body has grown many eyes which may
                  | confuse attackers. (Acc +5) [Jiyva's grace]
 34574 | Vaults:4 | Gained mutation: Your body is covered in eyes which may
                  | confuse attackers. (Acc +7, SInv) [Jiyva's grace]
 34823 | Vaults:4 | Reached XP level 20. HP: 260/260 MP: 26/26
 34945 | Vaults:4 | Found a glowing silver altar of Zin.
 35094 | Vaults:4 | Found a large runed translucent door.
 35094 | Vaults:4 | Found a large runed translucent door.
 35094 | Vaults:4 | Found a large runed translucent door.
 35094 | Vaults:4 | Found a large runed translucent door.
 35094 | Vaults:4 | Noticed Piataj's ghost (veteran HOFi)
 35097 | Vaults:4 | Found a large runed translucent door.
 35097 | Vaults:4 | Found a large runed translucent door.
 35097 | Vaults:4 | Found a large runed translucent door.
 35097 | Vaults:4 | Found a large runed translucent door.
 35132 | Vaults:4 | Got the Vellum of Inauspicious Synthesis
 35409 | Depths:1 | Entered Level 1 of the Depths
 35525 | Depths:1 | Found a runed translucent door.
 35526 | Depths:1 | Found a shimmering altar of Xom.
 35526 | Depths:1 | Noticed Lapib's ghost (veteran MfIE)
 35639 | Depths:1 | Noticed a golden dragon
 35650 | Depths:1 | Killed a golden dragon
 35753 | Depths:1 | Found Big Baal Hell's Store.
 35757 | Depths:1 | Found a gateway to Hell.
 36119 | Depths:2 | You fall into a shaft and drop 1 floor!
 36176 | Depths:3 | Noticed a juggernaut
 36195 | Depths:3 | Killed a juggernaut
 36273 | Depths:3 | Lost mutation: You have a greatly increased reservoir of
                  | magic. (+30% MP) [Jiyva's grace]
 36273 | Depths:3 | Lost mutation: You are extremely robust. (+30% HP) [Jiyva's
                  | grace]
 36273 | Depths:3 | Lost mutation: Your body is covered in eyes which may
                  | confuse attackers. (Acc +7, SInv) [Jiyva's grace]
 36273 | Depths:3 | Gained mutation: Your flesh is heat resistant. (rF+)
                  | [Jiyva's grace]
 36273 | Depths:3 | Gained mutation: Your flesh is very heat resistant. (rF++)
                  | [Jiyva's grace]
 36273 | Depths:3 | Gained mutation: Your flesh is almost immune to the effects
                  | of heat. (rF+++) [Jiyva's grace]
 36273 | Depths:3 | Gained mutation: You have acidic saliva. [Jiyva's grace]
 36350 | Depths:3 | Noticed Parghit
 36369 | Depths:3 | Killed Parghit
 36389 | Depths:3 | Noticed Vv
 36424 | Depths:3 | Killed Vv
 36452 | Depths:3 | Found a one-way gate to the infinite horrors of the Abyss.
 36576 | Depths:2 | Identified the amulet "Seahudigh" {rF+ rN+ Regen+ Dex-5}
 36737 | Depths:2 | Found a one-way gate leading to the halls of Pandemonium.
 37411 | Depths:3 | Found an iron altar of Okawaru.
 37745 | Depths:3 | Reached skill level 15 in Evocations
 37761 | Depths:4 | Entered Level 4 of the Depths
 37767 | Depths:4 | Noticed Sojobo
 37814 | Depths:3 | Reached XP level 21. HP: 246/247 MP: 26/26
 37875 | Depths:4 | Killed Sojobo
 37875 | Depths:4 | Noticed Xtahua
 37897 | Depths:4 | Paralysed by Xtahua for 3 turns
 37899 | Depths:4 | Killed Xtahua
 37902 | Depths:4 | Noticed a juggernaut
 37903 | Depths:4 | Identified the ring "Xeffihem" {Ice rElec Slay+3}
 37903 | Depths:4 | Noticed Josephina
 38129 | Depths:4 | Killed a juggernaut
 38228 | Depths:3 | Reached skill level 23 in Fighting
 38269 | Depths:3 | Killed Josephina
 38317 | Depths:4 | Found a one-way gateway to a ziggurat.
 38343 | Depths:4 | Lost mutation: You are very robust. (+20% HP) [Jiyva's
                  | grace]
 38343 | Depths:4 | Lost mutation: You have acidic saliva. [Jiyva's grace]
 38343 | Depths:4 | Lost mutation: Your body has grown many eyes which may
                  | confuse attackers. (Acc +5) [Jiyva's grace]
 38343 | Depths:4 | Lost mutation: Your rubbery body absorbs attacks. (AC +1,
                  | EV +1) [Jiyva's grace]
 38343 | Depths:4 | Gained mutation: You are partially covered in iridescent
                  | scales. (AC +2) [Jiyva's grace]
 38343 | Depths:4 | Gained mutation: You are mostly covered in iridescent
                  | scales. (AC +4) [Jiyva's grace]
 38343 | Depths:4 | Gained mutation: You are completely covered in iridescent
                  | scales. (AC +6) [Jiyva's grace]
 38343 | Depths:4 | Gained mutation: Your body has grown many eyes which may
                  | confuse attackers. (Acc +5) [Jiyva's grace]
 38437 | Depths:4 | Found Kiroum's Book Boutique.
 38534 | Depths:4 | Found a gate to the Realm of Zot.
 38543 | Depths:4 | Noticed a golden dragon
 38560 | Depths:4 | Killed a golden dragon
 39119 | Elf:1    | Entered Level 1 of the Elven Halls
 39212 | Elf:1    | Reached skill level 24 in Fighting
 39231 | Elf:1    | Paralysed by an air elemental for 1 turns
 40010 | Elf:1    | Identified the +0 ring mail of Duty {Dex+3}
 40057 | Elf:2    | Reached skill level 25 in Fighting
 40186 | Elf:2    | Found a huge runed translucent gate.
 40186 | Elf:2    | Found a huge runed translucent gate.
 40187 | Elf:2    | Found a huge runed translucent gate.
 40188 | Elf:2    | Found a huge runed translucent gate.
 40189 | Elf:2    | Found a huge runed translucent gate.
 40205 | Elf:2    | Reached XP level 22. HP: 248/248 MP: 27/27
 40474 | Elf:2    | Paralysed by an air elemental for 1 turns
 40769 | Elf:2    | Reached skill level 26 in Fighting
 40839 | Elf:2    | Lost mutation: Your body has grown many eyes which may
                  | confuse attackers. (Acc +5) [Jiyva's grace]
 40839 | Elf:2    | Lost mutation: Your body has grown eyes which may confuse
                  | attackers. (Acc +3) [Jiyva's grace]
 40839 | Elf:2    | Gained mutation: Your body has grown eyes which may confuse
                  | attackers. (Acc +3) [Jiyva's grace]
 40839 | Elf:2    | Gained mutation: Your body has grown many eyes which may
                  | confuse attackers. (Acc +5) [Jiyva's grace]
 40839 | Elf:2    | Gained mutation: Your body is covered in eyes which may
                  | confuse attackers. (Acc +7, SInv) [Jiyva's grace]
 40839 | Elf:2    | Gained mutation: A frigid envelope surrounds you and
                  | freezes all who hurt you. [Jiyva's grace]
 41055 | Elf:3    | Entered Level 3 of the Elven Halls
 41280 | Elf:3    | Paralysed by an air elemental for 1 turns
 41626 | Elf:3    | Identified the +3 leather armour of Defence {Harm Int-3
                  | Dex+5}
 41626 | Elf:3    | Identified the amulet "Baycsorgh" {rC- rN+++ Regen+ SInv}
 41635 | Elf:3    | Reached skill level 27 in Fighting
 41646 | Elf:3    | Identified the +12 rapier "Cuhouty" {drain, Will+ Dex+3}
 41646 | Elf:3    | Identified the +4 troll leather armour of Parts Unknown
                  | {rF+++ Regen+ Str-2 Int-3 Stlth+}
 41712 | Elf:3    | Identified the ring of Geutun {rElec rC+ Str+6 Stlth+}
 41720 | Elf:3    | Identified the +9 sling "Concordance" {antimagic, *Corrode
                  | rPois rF+++ Dex+2}
 41721 | Elf:3    | Identified the +1 scale mail "Weuc Hyng" {Stlth+}
 41723 | Elf:3    | Identified the +1 flail "Newtbane" {heavy, Str+6 Dex+4}
 41732 | Elf:3    | Identified the +5 scale mail "Buss" {Str+6 Int-4}
 41741 | Elf:3    | Got the Omnibus of Frostbound Iosis
 41789 | Elf:3    | Found the +0 pair of fencer's gloves {Riposte Dex+3}
 42176 | Orc:2    | Bought a scroll of teleportation for 42 gold pieces
 42176 | Orc:2    | Bought a scroll of teleportation for 42 gold pieces
 42230 | Orc:2    | Bought a potion of might for 44 gold pieces
 42230 | Orc:2    | Bought 3 scrolls of fog for 132 gold pieces
 42534 | Zot:1    | Entered Level 1 of the Realm of Zot
 42645 | Zot:1    | Got the Precepts of the Bound Fjord
 42676 | Zot:1    | Identified the +11 shortbow "Todwof" {flame, Int+2}
 43480 | Zot:2    | Noticed a golden dragon
 43481 | Zot:2    | Noticed a Killer Klown
 43497 | Zot:2    | Killed a golden dragon
 43504 | Zot:2    | Killed a Killer Klown
 43568 | Zot:2    | Reached XP level 23. HP: 264/264 MP: 28/28
 43586 | Zot:2    | Noticed a curse toe
 43600 | Zot:2    | Killed a curse toe
 43817 | Zot:2    | Lost mutation: Your flesh is almost immune to the effects
                  | of heat. (rF+++) [Jiyva's grace]
 43817 | Zot:2    | Lost mutation: You have a considerably increased reservoir
                  | of magic. (+20% MP) [Jiyva's grace]
 43817 | Zot:2    | Lost mutation: A frigid envelope surrounds you and freezes
                  | all who hurt you. [Jiyva's grace]
 43817 | Zot:2    | Lost mutation: Your body is covered in eyes which may
                  | confuse attackers. (Acc +7, SInv) [Jiyva's grace]
 43817 | Zot:2    | Lost mutation: Your body has grown many eyes which may
                  | confuse attackers. (Acc +5) [Jiyva's grace]
 43817 | Zot:2    | Lost mutation: You have a small jelly attached to you that
                  | senses nearby items. [Jiyva's grace]
 43817 | Zot:2    | Gained mutation: Armour fits poorly on your pseudopods.
                  | [Jiyva's grace]
 43817 | Zot:2    | Gained mutation: Armour fits poorly on your large
                  | pseudopods. [Jiyva's grace]
 43817 | Zot:2    | Gained mutation: Armour fits poorly on your massive
                  | pseudopods. [Jiyva's grace]
 43817 | Zot:2    | Gained mutation: You have a small jelly attached to you
                  | that senses nearby items. [Jiyva's grace]
 44424 | Zot:3    | Noticed a curse toe
 44440 | Zot:3    | Killed a curse toe
 45089 | Zot:4    | Noticed an orb of fire
 45107 | Zot:4    | Killed an orb of fire
 45402 | Zot:4    | Noticed a curse toe
 45411 | Zot:4    | Killed a curse toe
 45465 | Zot:4    | Gained mutation: Potions are less effective at restoring
                  | your health. [mutagenic glow]
 45510 | Zot:4    | Acquired 1085 gold pieces
 45797 | Zot:4    | Lost mutation: You are completely covered in iridescent
                  | scales. (AC +6) [Jiyva's grace]
 45797 | Zot:4    | Lost mutation: Your natural rate of healing is unusually
                  | fast. [Jiyva's grace]
 45797 | Zot:4    | Lost mutation: Armour fits poorly on your massive
                  | pseudopods. [Jiyva's grace]
 45797 | Zot:4    | Lost mutation: Potions are less effective at restoring your
                  | health. [Jiyva's grace]
 45797 | Zot:4    | Gained mutation: Your muscles are strong. (Str +4, Int/Dex
                  | -1) [Jiyva's grace]
 45797 | Zot:4    | Gained mutation: Your muscles are very strong. (Str +8,
                  | Int/Dex -2) [Jiyva's grace]
 45797 | Zot:4    | Gained mutation: You are resistant to electric shocks.
                  | (rElec) [Jiyva's grace]
 45797 | Zot:4    | Gained mutation: Your translucent skin slightly reduces
                  | your foes' accuracy. (Stealth+) [Jiyva's grace]
 45845 | Zot:5    | Entered Level 5 of the Realm of Zot
 46074 | Zot:5    | Noticed a dread lich
 46196 | Zot:5    | Paralysed by a dread lich for 5 turns
 46222 | Zot:4    | Paralysed by something for 5 turns
 46232 | Zot:4    | Killed a dread lich
 46233 | Zot:4    | Reached XP level 24. HP: 142/273 MP: 25/25
 46323 | Zot:5    | Noticed an orb of fire
 46324 | Zot:5    | Noticed an orb of fire
 46403 | Zot:5    | Noticed a dread lich
 46403 | Zot:5    | Gained mutation: You sometimes lose your temper in combat.
                  | [an orb of fire]
 46410 | Zot:4    | Lost mutation: Your muscles are very strong. (Str +8,
                  | Int/Dex -2) [an orb of fire]
 46420 | Zot:4    | Lost mutation: Your muscles are strong. (Str +4, Int/Dex
                  | -1) [an orb of fire]
 46423 | Zot:4    | Killed an orb of fire
 46447 | Zot:4    | Paralysed by a dread lich for 5 turns
 46455 | Zot:4    | Killed a dread lich
 46469 | Zot:5    | Noticed a dread lich
 46476 | Zot:5    | Paralysed by something for 5 turns
 46486 | Zot:5    | Killed a dread lich
 46667 | Zot:4    | Lost mutation: You are resistant to electric shocks.
                  | (rElec) [potion of mutation]
 46667 | Zot:4    | Lost mutation: Your translucent skin slightly reduces your
                  | foes' accuracy. (Stealth+) [potion of mutation]
 46667 | Zot:4    | Lost mutation: Your flesh is very heat resistant. (rF++)
                  | [potion of mutation]
 46667 | Zot:4    | Lost mutation: Your flesh is heat resistant. (rF+) [potion
                  | of mutation]
 46668 | Zot:4    | Lost mutation: You have an increased reservoir of magic.
                  | (+10% MP) [potion of mutation]
 46668 | Zot:4    | Lost mutation: You have a small jelly attached to you that
                  | senses nearby items. [potion of mutation]
 46668 | Zot:4    | Lost mutation: Your body has grown eyes which may confuse
                  | attackers. (Acc +3) [potion of mutation]
 46668 | Zot:4    | Gained mutation: You are completely covered in iridescent
                  | scales. (AC +6) [potion of mutation]
 46669 | Zot:4    | Lost mutation: You sometimes lose your temper in combat.
                  | [potion of mutation]
 46669 | Zot:4    | Lost mutation: You are robust. (+10% HP) [potion of
                  | mutation]
 46669 | Zot:4    | Lost mutation: You are completely covered in iridescent
                  | scales. (AC +6) [potion of mutation]
 46669 | Zot:4    | Gained mutation: Your magical capacity is low. (-10% MP)
                  | [potion of mutation]
 46669 | Zot:4    | Gained mutation: You expend magic power (3 MP) to
                  | strengthen your wands. [potion of mutation]
 46669 | Zot:4    | Gained mutation: You have a pair of large horns on your
                  | head. [potion of mutation]
 46670 | Zot:4    | Lost mutation: Your magical capacity is low. (-10% MP)
                  | [potion of mutation]
 46670 | Zot:4    | Lost mutation: Armour fits poorly on your large pseudopods.
                  | [potion of mutation]
 46670 | Zot:4    | Lost mutation: Armour fits poorly on your pseudopods.
                  | [potion of mutation]
 46670 | Zot:4    | Gained mutation: Your muscles are strong. (Str +4, Int/Dex
                  | -1) [potion of mutation]
 46670 | Zot:4    | Gained mutation: Your movements are slightly less
                  | encumbered by armour. (ER -2) [potion of mutation]
 46673 | Zot:5    | Noticed a Killer Klown
 46692 | Zot:5    | Gained mutation: You are vulnerable to heat. (rF-) [an orb
                  | of fire]
 46751 | Zot:4    | Gained mutation: Your magical capacity is low. (-10% MP)
                  | [an orb of fire]
 46756 | Zot:4    | Killed an orb of fire
 46809 | Zot:5    | Killed a Killer Klown
 46870 | Zot:5    | Noticed a Killer Klown
 46893 | Zot:5    | Killed a Killer Klown
 47007 | Zot:5    | Noticed an orb of fire
 47007 | Zot:5    | Noticed an orb of fire
 47007 | Zot:5    | Noticed an orb of fire
 47008 | Zot:5    | Noticed an orb of fire
 47008 | Zot:5    | Noticed an orb of fire
 47010 | Zot:5    | Noticed a Killer Klown
 47013 | Zot:5    | Gained mutation: You have hidden genetic defects. [an orb
                  | of fire]
 47018 | Zot:5    | Gained mutation: Your spells are a little easier to cast,
                  | but a little less powerful. [an orb of fire]
 47021 | Zot:5    | Gained mutation: Your spells are easier to cast, but less
                  | powerful. [an orb of fire]
 47024 | Zot:5    | Gained mutation: You occasionally shout uncontrollably at
                  | your foes. [an orb of fire]
 47033 | Zot:5    | Gained mutation: You occasionally lose the ability to read
                  | scrolls when taking damage. [an orb of fire]
 47038 | Zot:5    | Gained mutation: You are frail. (-10% HP) [an orb of fire]
 47041 | Zot:5    | Killed an orb of fire
 47042 | Zot:5    | Gained mutation: You are vulnerable to cold. (rC-) [an orb
                  | of fire]
 47096 | Zot:5    | Killed an orb of fire
 47158 | Zot:5    | Killed an orb of fire
 47165 | Zot:5    | Gained mutation: You are clumsy. (Dex -2) [an orb of fire]
 47170 | Zot:5    | Killed an orb of fire
 47188 | Zot:5    | Killed a Killer Klown
 47253 | Zot:5    | Gained mutation: Your spells are much easier to cast, but
                  | much less powerful. [mutagenic glow]
 47271 | Zot:5    | Gained mutation: You are very clumsy. (Dex -4) [an orb of
                  | fire]
 47278 | Zot:5    | Gained mutation: You are very frail. (-20% HP) [mutagenic
                  | glow]
 47279 | Zot:5    | Noticed a dread lich
 47281 | Zot:5    | Lost mutation: Your muscles are strong. (Str +4, Int/Dex
                  | -1) [hidden defects]
 47282 | Zot:5    | Gained mutation: You frequently scream uncontrollably at
                  | your foes. [an orb of fire]
 47288 | Zot:5    | Killed an orb of fire
 47300 | Zot:5    | Killed a dread lich
 47314 | Zot:5    | Got the Orb of Zot
 47394 | Zot:5    | Noticed Suyzer the pandemonium lord
 47414 | Zot:5    | Killed Suyzer the pandemonium lord
 47727 | Depths:1 | Gained mutation: You sometimes lose the ability to read
                  | scrolls when taking damage. [hidden defects]
 47727 | Depths:1 | Lost mutation: You have hidden genetic defects. [hidden
                  | defects expressed]
 48194 | D:$      | Escaped with the Orb!

Illustrated notes

Levels and vault maps discovered:
D:1:      heliophobic_arrival_henge, layout_basic
D:2:      layout_rooms, hellmonk_ecumenical_altar_blasted
D:3:      layout_basic, uniq_jessica
D:4:      layout_basic, ebering_ghost_sewer_d
D:5:      layout_cave_pods, serial_demonic, serial_demonic_e, serial_demonic_b,
          serial_demonic_g, serial_demonic_e, serial_demonic_a,
          reono_crystal_passage, uniq_eustachio
D:6:      layout_gridville, uniq_pikel
D:7:      nzn_winding_woodlands_large [nzn_winding_woodlands_5x5_three,
          nzn_winding_woodlands_5x15_sawtooth,
          nzn_winding_woodlands_5x5_default,
          nzn_winding_woodlands_center_triple_pond,
          nzn_winding_woodlands_15x15_killbox,
          nzn_winding_woodlands_center_lodge, nzn_winding_woodlands_5x5_default,
          nzn_winding_woodlands_5x15_pool, nzn_winding_woodlands_hourglass],
          layout_rooms, nicolae_uskayaw_dance_hall,
          minmay_temple_entry_nine_rooms
D:8:      layout_basic, mainiacjoe_overflow_concentric_impassable,
          grunt_dithmenos_smoke_and_mirrors, due_lair_maze_entry_diamond,
          minmay_manual_mares
D:9:      layout_basic, orc_0_dummy, serial_shops, shop, minmay_lindwurm_lava
D:10:     layout_stronghold
D:11:     layout_irregular_city, gammafunk_ghost_necromancy, serial_shops, shop
D:12:     layout_rooms, serial_shops, shop, nicolae_shop_just_a_little_nook,
          nicolae_shop_rolling_square, roderic_batcave
D:13:     layout_loops_ring, serial_shops, nicolae_shop_hallway_plus,
          lemuel_flamethrower_3
D:14:     layout_basic, hellmonk_vaults_attempted_burglary,
          minmay_misc_feat_room
D:15:     hangedman_depths_entry_try_elsewhere_first, layout_stronghold,
          kennysheep_pointless_box
Lair:1:   layout_concentric_octagons, serial_bayou_shore_a
Lair:2:   layout_gridlike, hellmonk_spider_entry_life_and_decay,
          gammafunk_ghost_hive, uniq_harold, uniq_nergalle
Lair:3:   layout_hall_layers, mainiacjoe_swamp_entry_lozenge_pond,
          nicolae_volcano_entry_two_sided, lemuel_fruit_tree, uniq_gastronok
Lair:4:   layout_gridlike, slime_entry_1, st_stairs_12, grunt_megastairs_5,
          infiniplex_staircase_pool_2, serial_bayou_shore_b
Lair:5:   cheibrodos_lair_end_hotspot, layout_layer_cave,
          infiniplex_staircase_pool
Swamp:1:  layout_falls_marsh, nicolae_swamp_round_clearing, swamp_pool_1_2,
          hangedman_swamp_lotus, grunt_lady_of_the_lake, uniq_jorgrun
Swamp:2:  gammafunk_sealed_arena, layout_basic_swamp, nicolae_swamp_stair_fork
Swamp:3:  layout_falls_marsh, evilmike_swamp_ruin_house_3, swamp_pool_1_2,
          nicolae_swamp_big_swirl, ldierk_geyser, uniq_nikola, uniq_roxanne
Swamp:4:  swamp, layout_basic_swamp, uniq_aizul
Spider:1: layout_spider_delve, hangedman_spider_tarantella_strand
Spider:2: layout_spider_delve, portal_ice_cave_entry_ice_simulacra, uniq_louise
Spider:3: layout_chambers
Spider:4: guppyfry_spider_rune, uniq_arachne
Slime:1:  layout_caves, nicolae_slime_barrier
Slime:2:  cheibrodos_slime_lost_civilization_2, layout_caves, special_room
          [special_room_jelly]
Slime:3:  layout_caves
Slime:4:  layout_caves, uniq_dissolution
Slime:5:  slime_pit_nicolae_jellycorners
Orc:1:    layout_diamond_mine
Orc:2:    grunt_orc_community_town_hall, layout_caves,
          grunt_orc_community_big_house_1, grunt_orc_community_big_house_2,
          grunt_orc_community_house_1, grunt_orc_community_house_1,
          grunt_orc_community_house_3, grunt_orc_community_house_2,
          grunt_orc_community_house_3, grunt_orc_community_house_3,
          mines1_david, uniq_saint_roka
Elf:1:    nicolae_elf_arrival_fired_up, layout_gridlike, evilmike_minifort
Elf:2:    elven_hall_of_blades_hangedman_alternative
          [nicolae_blade_little_rooms], layout_gridlike, mu_enter_wizlab_3,
          grunt_megastairs_2
Elf:3:    minmay_elf_hall_dome, layout_gridlike, nicolae_elf_deep_friendship
Vaults:1: v_rooms_6, nicolae_vaults_stepped_doors, ontoclasm_vaults_spin,
          st_smaller_cells, nicolae_vaults_closet_pinwheel_2, v_misc_18,
          nicolae_vaults_trapezoid_lopsided_3, nicolae_vaults_tetromino_T_1,
          layout_vaults_quadrants, serial_magic_research,
          hangedman_research_convocations, hangedman_research_electronics
Vaults:2: nicolae_vaults_surprise_closet, nicolae_vaults_weapon_check,
          minmay_crypt_entry_skeletal_spiral, v_pattern_5,
          nicolae_vaults_sightless_eye, ontoclasm_vaults_ligature,
          grunt_vaults_funnel, nicolae_vaults_tetromino_L_1,
          vaults_room_fancy_cross, nicolae_vaults_alarming,
          nicolae_vaults_tangram_2, layout_vaults_ring, serial_shops,
          nicolae_lakefront_shop, uniq_donald, uniq_mennas
Vaults:3: nicolae_vaults_stand_back, nicolae_vaults_closet_pinwheel_5,
          ontoclasm_vaults_ring_square, nicolae_vaults_double_plus_2,
          nicolae_vaults_diagonal_hallway_8, nicolae_vaults_diamond_2,
          vaults_mumra_minichess_inversion, vaults_dpeg_emergency_exit,
          v_pattern_3, nicolae_vaults_twisting_passages,
          nicolae_vaults_cornered_office, hangedman_vaults_capsules,
          grunt_vaults_bifocal, v_misc_15, nicolae_vaults_trapezoid_lopsided_2,
          layout_vaults_omnibox
Vaults:4: advil_vaults_ghost_lines, nicolae_vaults_network_quinsquares
          [nicolae_vaults_network_quincunx_subvault,
          nicolae_vaults_network_quincunx_subvault,
          nicolae_vaults_network_quincunx_subvault,
          nicolae_vaults_network_quincunx_subvault], ontoclasm_vaults_fault,
          nicolae_vaults_closet_pinwheel_6, grunt_vaults_twisty, v_rooms_5,
          v_alt_pattern_6, vaults_standard_mumra_enter_the_diamond,
          grunt_vaults_diagonal, nicolae_vaults_tangram_1, v_alt_pattern_4,
          lemuel_angel_altar, layout_vaults_maze
Depths:1: layout_big_octagon, hangedman_decor_push,
          nicolae_hell_entry_big_baal_hell, ebering_ghost_xom,
          kennysheep_inner_square
Depths:2: minmay_the_grid_plus [minmay_the_grid_airy,
          minmay_the_grid_zigzag_pyramid, minmay_the_grid_holed_spiral,
          minmay_the_grid_empty, minmay_the_grid_prize_four_corners],
          layout_cave_pools, rand_demon_pan_entry_7, hell_entry,
          minmay_misc_feat_ornament, glass_columns_b, dreamdust_wishing_well
Depths:3: constructs_gauntlet_mu_hangedman, layout_basic, lemuel_round_altar,
          hell_entry, abyss_entry, uniq_parghit, uniq_vv, uniq_margery
Depths:4: grunt_crosshair, layout_cave_pools, enter_ziggurat_d, serial_shops,
          nicolae_shop_tiny_waterfront, lightli_too_deep, uniq_josephina,
          uniq_xtahua, uniq_sojobo
Zot:1:    layout_concentric_octagons
Zot:2:    layout_basic, lemuel_baited_zot_trap, grunt_megastairs_1
Zot:3:    layout_twisted_circle, regret_index_zotdec_fiery_em
Zot:4:    layout_onion_interference, grunt_ministairs_11, st_stairs_14,
          regret_index_zotdec_gossamer_parallel
Zot:5:    layout_cathedral_of_symmetry

Skill      XL: |  1  2  3  4  5  6  7  8  9 10 11 12 13 14 15 16 17 18 19 20 21 22 23 24 |
---------------+-------------------------------------------------------------------------+-----
Maces & Flails | 4 5 6 8 9 11 12 14 16 | 16.0
Fighting       | 6 9 12 13 15 16 18 20 22 25 27 | 27.0
Armour         | 6 9 12 13 15 18 19 20 21 22 24 25 | 25.8
Evocations     | 3 6 7 9 10 12 15 17 18 | 18.6
Shields        | 3 5 7 9 11 14 17 20 22 24 | 24.1
Axes           | 9 14 15 | 15.1
Dodging        | 5 |  5.3
Spellcasting   | |  1.0
Fire Magic     | |  2.1

Action                     |  1- 3 |  4- 6 |  7- 9 | 10-12 | 13-15 | 16-18 | 19-21 | 22-24 || total
---------------------------+-------+-------+-------+-------+-------+-------+-------+-------++-------
  Melee: Mace              |    72 |       |       |       |       |       |       |       ||    72
         Headbutt          |    12 |    21 |    36 |   142 |   303 |   317 |   465 |   453 ||  1749
         Whip              |    17 |   124 |       |       |       |       |       |       ||   141
         Flail             |       |    40 |   374 |   198 |       |       |       |       ||   612
         Morningstar       |       |       |       |   470 |   561 |       |       |       ||  1031
         Great mace        |       |       |       |       |    30 |       |       |       ||    30
         Eveningstar       |       |       |       |       |   704 |    17 |       |       ||   721
         Kick              |       |       |       |       |   194 |   267 |       |       ||   461
         Bite              |       |       |       |       |    29 |       |    91 |       ||   120
         Broad axe         |       |       |       |       |    51 |  1222 |  1492 |  1623 ||  4388
         Pseudopods        |       |       |       |       |       |       |       |   215 ||   215
 Invoke: Fiery Armour      |       |       |     3 |     4 |     2 |       |       |       ||     9
         Foxfire Swarm     |       |       |       |     1 |       |       |       |       ||     1
         Oozemancy         |       |       |       |       |     4 |     4 |     5 |     1 ||    14
  Evoke: Wand              |       |       |       |     7 |     3 |     3 |       |       ||    13
         Sack of spiders   |       |       |       |       |     1 |     1 |       |       ||     2
    Use: Scroll            |     1 |    11 |     3 |     3 |    12 |     6 |     8 |    10 ||    54
         Potion            |       |       |     1 |       |    11 |    10 |     3 |    17 ||    42
   Stab: Paralysed         |       |       |       |     7 |       |       |       |       ||     7
         Invisible         |       |       |       |       |     2 |       |       |       ||     2
         Confused          |       |       |       |       |       |     2 |    33 |    19 ||    54
         Distracted        |       |       |       |       |       |     1 |     1 |     1 ||     3
 Armour: Ring mail         |    52 |    36 |       |       |   176 |  1168 |       |       ||  1432
         Robe              |     4 |       |       |       |       |       |       |       ||     4
         Plate armour      |       |    79 |   530 |   495 |   863 |       |       |       ||  1967
         Skin              |       |       |    15 |       |       |       |       |       ||    15
         Crystal plate arm |       |       |       |       |       |    10 |   942 |  1217 ||  2169
  Dodge: Dodged            |    49 |    41 |   174 |   245 |   803 |   976 |   441 |   461 ||  3190
  Block: Buckler           |       |       |       |    16 |   379 |     1 |       |       ||   396
         Tower shield      |       |       |       |       |       |  1327 |  1349 |  1376 ||  4052
         Reflection        |       |       |       |       |       |    34 |    96 |    47 ||   177

Table legend: (Time is in decaauts)
 A = Elapsed time spent in this place.
 B = Non-inter-level travel time spent in this place.
 C = Inter-level travel time spent in this place.
 D = Time resting spent in this place.
 E = Time spent auto-exploring this place.
 F = Levels seen in this place.
 G = Mean time per level.
                   A        B        C        D        E       F      G
               +--------+--------+--------+--------+--------+-----+--------+
         Total |  47154 |  42974 |   4180 |   5272 |  25225 |  53 |  889.7 |
       Dungeon |  15693 |  13734 |   1959 |   1920 |   8779 |  15 | 1046.2 |
          Lair |   6541 |   5990 |    551 |   1691 |   3186 |   5 | 1308.2 |
         Swamp |   2811 |   2681 |    130 |    151 |   1791 |   4 |  702.8 |
   Spider Nest |   3779 |   3645 |    134 |    392 |   2000 |   4 |  944.8 |
    Slime Pits |    319 |    246 |     73 |      0 |    162 |   5 |   63.8 |
  Orcish Mines |   1710 |   1434 |    276 |    144 |    726 |   2 |  855.0 |
   Elven Halls |   2902 |   2760 |    142 |     18 |   1750 |   3 |  967.3 |
        Vaults |   4378 |   4196 |    182 |    102 |   2865 |   4 | 1094.5 |
        Depths |   3599 |   3211 |    388 |    180 |   1816 |   4 |  899.8 |
           Zot |   4776 |   4434 |    342 |    612 |   2015 |   5 |  955.2 |
      Ice Cave |    378 |    378 |      0 |     59 |     50 |   1 |  378.0 |
       Volcano |    263 |    263 |      0 |      0 |     82 |   1 |  263.0 |
               +--------+--------+--------+--------+--------+-----+--------+

Top non-repeatable levels by time:
     D:7: 1952 daAuts
  Lair:5: 1692 daAuts
  Lair:2: 1443 daAuts
Depths:3: 1432 daAuts
  Lair:4: 1412 daAuts
     D:5: 1377 daAuts
Vaults:1: 1364 daAuts
   Zot:4: 1353 daAuts
     D:9: 1318 daAuts
Vaults:2: 1267 daAuts
Spider:3: 1263 daAuts
    D:10: 1220 daAuts
  Lair:3: 1200 daAuts
   Orc:2: 1199 daAuts
     D:8: 1176 daAuts
